 Dungeon Crawl Stone Soup version 0.26.0-10-g1f06aea511 (webtiles) character file.

Game seed: 12770439054906561826

98 Amaterasu the Chopper (level 4, 35/35 HPs)
             Began as a Demonspawn Fighter on Jan 25, 2021.
             Quit the game on level 2 of the Dungeon.
             The game lasted 00:03:06 (2695 turns).

Amaterasu the Chopper (Demonspawn Fighter)          Turns: 2695, Time: 00:03:07

Health: 35/35      AC:  4    Str: 18    XL:     4   Next: 43%
Magic:  4/4        EV:  7    Int:  9    God:
Gold:   90         SH:  9    Dex: 12    Spells: 3/3 levels left

rFire    . . .     SeeInvis .   a - +0 war axe
rCold    . . .     Faith    .   c - +1 kite shield
rNeg     . . .     Spirit   +   b - +0 scale mail
rPois    .         Reflect  .   (helmet restricted)
rElec    .         Harm     .   m - +0 cloak
rCorr    .         Rampage  .   (no gloves)
Will     .....                  (no boots)
Stlth    ..........             (no amulet)
HPRegen  0.11/turn              (no ring)
MPRegen  0.09/turn              (no ring)

@: no status effects
A: horns 1, deformed body, magic shield
a: no special abilities


You were on level 2 of the Dungeon.
You visited 1 branch of the dungeon, and saw 2 of its levels.

You collected 90 gold pieces.

Inventory:

Hand Weapons
 a - a +0 war axe (weapon)
Armour
 b - a +0 scale mail (worn)
 c - a +1 kite shield (worn)
 m - a +0 cloak (worn)
Scrolls
 f - a scroll of teleportation
 n - 3 scrolls of remove curse
 o - 2 scrolls of identify
 p - a scroll of fear
Potions
 d - a potion of might
 h - a potion of invisibility
 i - a potion of curing {unknown}
 j - 2 potions of haste
 k - 2 potions of heal wounds {unknown}
 l - 2 potions of brilliance


   Skills:
 - Level 3.0 Fighting
 + Level 4.3 Axes
 - Level 2.6 Armour
 - Level 2.6 Shields


You had 3 spell levels left.
You didn't know any spells.
Your spell library contained the following spells:

 Spells                   Type           Power        Failure   Level
 Confusing Touch          Hex            0%           100%        3
 Gell's Gravitas          Tloc           0%           100%        3
 Petrify                  Tmut/Erth      0%           100%        4
 Metabolic Englaciation   Hex/Ice        0%           100%        5
 Yara's Violent Unravell  Hex/Tmut       0%           100%        5


Dungeon Overview and Level Annotations

Branches:
Dungeon (2/15)

Altars:
Nemelex Xobeh


Innate Abilities, Weirdness & Mutations

When hurt, damage is shared between your health and your magic reserves.
You have a pair of small horns on your head.
Armour fits poorly on your strangely shaped body.


Message History

Found 25 sling bullets.
You see here 25 sling bullets.
You see here a ball python skeleton.
Done exploring.
Done exploring.
Done exploring.
As you read the scroll labelled KUF KEUGRE, it crumbles to dust.
The air around you briefly surges with heat, but it dissipates.
It was a scroll of immolation.
As you read the scroll labelled ICZEXA ZAOKYA, it crumbles to dust.
You feel blessed for a moment.
It was a scroll of remove curse.
As you read the scroll of identify, it crumbles to dust.
e - a potion of mutation
As you read the scroll of identify, it crumbles to dust.
h - a potion of invisibility Really quaff the potion of mutation?
You feel extremely strange. A pair of horns grows on your head!
Your connection to magic feels subdued.
Your body twists and deforms.
Your magic regains its normal vibrancy.
Are you sure you want to abandon this character and quit the game? (Confirm with "yes".)

###########
#.@.......# ######
#.#######.####.....
#.###..............
#.........####.###.
#.........# #.###.
##### #.(.......#
#.....
#...#####.........#
######
#.................#
#
#...#####.........#
#


There were no monsters in sight!

Vanquished Creatures
  2 adders (D:2)
  A worm (D:2)
  A dart slug (D:1)
  4 leopard geckos
  5 bats
  A bat skeleton (D:2)
  4 giant cockroaches
  6 goblins
  8 hobgoblins
  11 jackals
  6 kobolds
  A ball python (D:2)
  6 frilled lizards
  A giant cockroach zombie (D:2)
  A jackal skeleton (D:2)
  2 leopard gecko zombies (D:2)
  A quokka skeleton (D:2)
  3 rats
64 creatures vanquished.

Vanquished Creatures (others)
  4 withered plants (D:2)
4 creatures vanquished.

Grand Total: 68 creatures vanquished

Notes
Turn   | Place    | Note
-------+----------+-------------------------------------------
     0 | D:1      | Amaterasu the Demonspawn Fighter began the quest for the
                  | Orb.
     0 | D:1      | Reached XP level 1. HP: 18/18 MP: 1/1
    52 | D:1      | Reached skill level 2 in Axes
   448 | D:1      | Gained mutation: When hurt, damage is shared between your
                  | health and your magic reserves. [demonic ancestry]
   448 | D:1      | Reached XP level 2. HP: 23/24 MP: 2/2
   763 | D:1      | Reached skill level 3 in Axes
   860 | D:1      | Reached XP level 3. HP: 29/29 MP: 3/3
  1055 | D:2      | Found a sparkling altar of Nemelex Xobeh.
  2013 | D:2      | Reached XP level 4. HP: 33/35 MP: 4/4
  2053 | D:2      | Reached skill level 4 in Axes
  2694 | D:2      | Gained mutation: You have a pair of small horns on your
                  | head. [potion of mutation]
  2694 | D:2      | Gained mutation: Your spells are a little easier to cast,
                  | but a little less powerful. [potion of mutation]
  2694 | D:2      | Gained mutation: Armour fits poorly on your strangely
                  | shaped body. [potion of mutation]
  2694 | D:2      | Lost mutation: Your spells are a little easier to cast, but
                  | a little less powerful. [potion of mutation]
  2695 | D:2      | Quit the game

Illustrated notes

Levels and vault maps discovered:
D:1:      giann_forest_graveyard, layout_basic, minivault_11
D:2:      layout_loops_corners, nemelex_xobeh_ov_fountains_minmay,
          serial_undead, serial_undead_e, serial_undead_c, serial_undead_d,
          serial_undead_b, serial_undead_a, serial_undead_a

Skill      XL: |  1  2  3  4 |
---------------+-------------+-----
Axes           | 2 3 4 |  4.3
Fighting       | |  3.0
Armour         | |  2.6
Shields        | |  2.6

Action                   |  1- 3 |  4- 6 || total
-------------------------+-------+-------++-------
Melee: War axe           |   126 |    59 ||   185
  Use: Scroll            |     5 |     4 ||     9
       Potion            |       |     1 ||     1
Armor: Scale mail        |    68 |    20 ||    88
Dodge: Dodged            |    41 |    15 ||    56
Block: Kite shield       |    74 |    26 ||   100
